 Dungeon Crawl Stone Soup version 0.18-a0-1229-ge9a1a01 (webtiles) character file.

643 opkc the Shield-Bearer (level 7, 0/61 HPs)
             Began as a Hill Orc Fighter on Feb 4, 2016.
             Killed by divine providence
             ... invoked by an orc priest
              (11 damage)
             ... on level 4 of the Dungeon.
             The game lasted 00:35:11 (2358 turns).

opkc the Shield-Bearer (Hill Orc Fighter)           Turns: 2358, Time: 00:35:11

Health: 0/61       AC: 12    Str: 21    XL:     7   Next: 51%
Magic:  7/7        EV:  9    Int:  8    God:
Gold:   223        SH: 12    Dex: 10    Spells: 0 memorised, 6 levels left

rFire  . . .     SeeInvis .     G - +0 war axe (vamp)
rCold  . . .     Gourm    .     g - +0 chain mail
rNeg   . . .     Faith    .     c - +0 shield
rPois  +         Spirit   .     D - +2 helmet
rElec  .         Dismiss  .     (no cloak)
rCorr  .         Reflect  +     (no gloves)
SustAt .         Harm     .     (no boots)
MR     .....                    J - +2 amulet of reflection
Stlth  ..........               m - ring of poison resistance
                                l - +3 ring of evasion

@: not resistant to hostile enchantments, extremely unstealthy
A: no striking features
a: Convert to Beogh


You were on level 4 of the Dungeon.
You were not hungry.

You visited 1 branch of the dungeon, and saw 4 of its levels.

You collected 223 gold pieces.

Inventory:

Hand Weapons
 a - a +0 long sword
 d - a +0 short sword
 r - a +0 mace
 u - a +0 falchion
 x - a +0 dagger of venom
 A - a +0 war axe
 E - a +0 dagger of speed
 G - a +0 vampiric war axe (weapon)
 H - a cursed +0 spear
 I - a +1 short sword of holy wrath
 N - a +0 flail of draining
 Q - a +1 vampiric dagger
Missiles
 h - 7 arrows
 i - 7 tomahawks
 o - 22 bolts
 z - 13 poisoned needles
 K - 2 throwing nets
 L - 2 tomahawks of returning (quivered)
Armour
 b - a +0 scale mail
 c - a +0 shield (worn)
 g - a +0 chain mail (worn)
 p - a +0 plate armour
 D - a +2 helmet (worn)
 O - a +3 leather armour of cold resistance
 R - a +2 robe of magic resistance
Jewellery
 l - a +3 ring of evasion (left hand)
 m - a ring of poison resistance (right hand)
 y - a +1 ring of evasion
 C - an uncursed amulet of dismissal
 J - a +2 amulet of reflection (around neck)
Wands
 P - a wand of flame (12/48)
Scrolls
 e - a scroll of teleportation
 j - a scroll of identify
 q - a scroll of enchant armour {unknown}
 s - 2 scrolls of fog
 w - a scroll of immolation {unknown}
 B - a scroll of remove curse {unknown}
 F - a scroll of magic mapping {unknown}
Potions
 k - a potion of invisibility {unknown}
 v - a potion of brilliance {unknown}
 M - a potion of curing
Comestibles
 f - 3 bread rations
 n - 4 fruits
 t - a royal jelly


   Skills:
 + Level 5.0 Fighting
 + Level 2.2 Long Blades
 + Level 3.7 Axes
 + Level 0.8 Throwing
 + Level 4.5 Armour
 + Level 2.5 Dodging
 + Level 6.1 Shields


You had 6 spell levels left.
You didn't know any spells.

Dungeon Overview and Level Annotations

Branches:
Dungeon (4/15)
 Temple: D:4-7

Altars:


Message History

The orc priest is lightly wounded.
You block the orc priest's attack.
You hit the orc priest.
You feel better.
The orc priest is lightly wounded.
The orc wizard mumbles some strange words.
The orc wizard flickers and vanishes!
Deactivating autopickup; reactivate with Ctrl-A.
You block the orc priest's attack.
You hit the orc priest but do no damage.
The orc priest is lightly wounded.
You hear some strange, mumbled words.
The orc priest closely misses you.
You hit the orc priest but do no damage.
The orc priest is lightly wounded.
You block the orc priest's attack. x2
You hit the orc priest but do no damage.
The orc priest is lightly wounded.
The orc priest calls down the wrath of Beogh upon you.
Something smites you!
You die...

..#. #..............#
#...#.##...##.#....#..#
...........#.........#
...........<.....#..#
....o............#...
..........#.#.#.....# # #.
#....#.#.#.....#
....#..#)##......#.#.†...#
.........@o{.............#
....#..#.##...#....#..##.)
....#..#.##...##...#..###.
........................
...#.#....##........#. ..
#.#)#....##........#.
...##..))..............#.
.......#.#................
.........†................


You could see an orc priest.

Vanquished Creatures
  Edmund (D:4)
  Duvessa (D:4)
  The ghost of Psiweapon the Sneak, an amateur OpWz (D:3)
  Dowan (D:4)
  A crimson imp (D:3)
  An orc wizard (D:3)
  2 worker ants
  A hound skeleton (D:4)
  4 gnolls (D:4)
  5 adders
  An ooze (D:1)
  A worm (D:2)
  10 orcs
  A ball python (D:1)
  8 giant cockroaches
  6 goblins
  8 hobgoblins
  4 jackals (D:1)
  2 quokkas (D:2)
  4 bats
  6 giant newts
  7 kobolds
  10 rats
86 creatures vanquished.

Notes
Turn   | Place    | Note
--------------------------------------------------------------
     0 | D:1      | opkc the Hill Orc Fighter began the quest for the Orb.
     0 | D:1      | Reached XP level 1. HP: 19/19 MP: 1/1
   119 | D:1      | Reached XP level 2. HP: 27/27 MP: 2/2
   373 | D:1      | Reached skill level 4 in Fighting
   389 | D:1      | Reached XP level 3. HP: 33/33 MP: 3/3
  1118 | D:2      | Reached skill level 1 in Dodging
  1118 | D:2      | Reached XP level 4. HP: 40/40 MP: 4/4
  1411 | D:3      | Noticed Psiweapon's ghost (amateur OpWz)
  1439 | D:3      | Killed Psiweapon's ghost
  1439 | D:3      | Reached skill level 1 in Axes
  1439 | D:3      | Reached XP level 5. HP: 37/47 MP: 5/5
  1695 | D:3      | Reached XP level 6. HP: 45/53 MP: 6/6
  1756 | D:3      | Reached skill level 5 in Shields
  2289 | D:4      | Noticed Edmund
  2290 | D:4      | Noticed Dowan
  2291 | D:4      | Noticed Duvessa
  2302 | D:4      | Killed Duvessa
  2302 | D:4      | Reached skill level 5 in Fighting
  2302 | D:4      | Reached XP level 7. HP: 59/61 MP: 7/7
  2303 | D:4      | Killed Edmund
  2308 | D:4      | Reached skill level 6 in Shields
  2320 | D:4      | Killed Dowan
  2358 | D:4      | Killed from afar by an orc priest

Vault maps used:
D:1:      lightli_arrival_noodles, hangedman_decor_clover_reticule,
          grunt_decor_cap
D:2:      minivault_25
D:3:      first_bread, minmay_misc_feat_encased, nrook_mini_vaults
D:4:      yredelemnul_altar_generic, kiku_gazebo_garden_becter,
          old_standard_altar, minmay_temple_entry_poolview,
          nemelex_diamond_rough_becter, uniq_menkaure, uniq_edmund,
          uniq_natasha, uniq_duvessa, uniq_sigmund

Action                   |  1- 3 |  4- 6 |  7- 9 || total
-------------------------+-------+-------+-------++-------
Melee: Long sword        |    48 |       |       ||    48
       Hand axe          |    74 |       |       ||    74
       War axe           |     4 |   178 |    17 ||   199
Throw: Tomahawk          |     4 |     9 |       ||    13
  Use: Potion            |     1 |     6 |       ||     7
       Scroll            |       |     7 |     1 ||     8
  Eat: Chunk             |     1 |     1 |       ||     2
       Fruit             |       |     2 |     1 ||     3
       Meat ration       |       |     1 |       ||     1
       Bread ration      |       |       |     1 ||     1
